 Dungeon Crawl Stone Soup version 0.17-a0-1850-g688e747 (webtiles) character file.

96 MartinZepigue the Digger (level 4, -10/24 HPs)
             Began as a Gargoyle Earth Elementalist on Sept 19, 2015.
             Killed by divine providence
             ... invoked by an orc priest
              (15 damage)
             ... on level 3 of the Dungeon.
             The game lasted 00:19:26 (1908 turns).

MartinZepigue the Digger (GrEE)                     Turns: 1908, Time: 00:19:26

Health: -10/24     AC:  8    Str: 12    XL:     4   Next: 67%
Magic:  5/7        EV: 11    Int: 16    God:
Gold:   60         SH:  3    Dex: 10    Spells: 2 memorised, 4 levels left

rFire  . . .     SeeInvis .     k - +0 mace
rCold  . . .     Clarity  .     D - +0 robe
rNeg   + . .     SustAt   .     B - +0 buckler
rPois  ∞         Gourm    .     (no helmet)
rElec  +         Spirit   .     (no cloak)
rCorr  .         Warding  .     (no gloves)
rMut   .         Stasis   .     v - +0 pair of boots
MR     .....                    (no amulet)
Stlth  ++........               (no ring)
                                (no ring)

@: not resistant to hostile enchantments, unstealthy
A: hooves 1, yellow scales 1, negative energy resistance 1, screaming 1,
electricity resistance, unbreathing, petrification resistance, rot immunity, AC
+3
a: no special abilities


You were on level 3 of the Dungeon.
You were not hungry.

You visited 1 branch of the dungeon, and saw 3 of its levels.

You collected 60 gold pieces.

Inventory:

Hand weapons
 k - a +0 mace (weapon)
Missiles
 a - 97 stones (quivered)
 i - 17 bolts
 A - 14 poisoned needles
Armour
 b - a +0 robe
 h - a +0 leather armour
 v - a +0 pair of boots (worn)
 z - a +0 robe
 B - a +0 buckler (worn)
 D - a +0 robe (worn)
Magical devices
 u - a wand of digging (13)
Scrolls
 e - 2 scrolls of remove curse
 n - 3 scrolls of identify
 p - a scroll of enchant armour {unknown}
 q - a scroll of amnesia
 r - a scroll of enchant weapon {unknown}
 w - a scroll of teleportation
 y - a scroll of blinking {unknown}
Potions
 g - a potion of haste {unknown}
 j - a potion of degeneration {unknown}
 l - a potion of heal wounds
 m - a potion of curing
 t - a potion of cancellation {unknown}
 x - a potion of poison {unknown}
 C - a potion of lignification {unknown}
Books
 c - a book of Geomancy

   Spells                             Type                      Level
   a - Sandblast                      Earth                        1
   b - Stoneskin                      Transmutation/Earth          2
   c - Passwall                       Transmutation/Earth          3
   d - Stone Arrow                    Conjuration/Earth            3
   e - Petrify                        Transmutation/Earth          4
   f - Lee's Rapid Deconstruction     Earth                        5
Comestibles
 d - 3 bread rations
 f - 2 chunks of flesh
 o - 2 meat rations
 s - a beef jerky


   Skills:
 + Level 0.4 Fighting
 + Level 0.4 Maces & Flails
 + Level 0.9 Armour
 + Level 2.7 Dodging
 + Level 2.9 Stealth
 + Level 2.1 Spellcasting
 + Level 0.8 Transmutations
 + Level 4.3 Earth Magic


You had 4 spell levels left.
You knew the following spells:

 Your Spells              Type           Power        Failure   Level  Hunger
a - Sandblast             Erth           ###...       8%          1    #......
b - Stoneskin             Trmt/Erth      #.......     21%         2    ###....


Dungeon Overview and Level Annotations

Branches:
Dungeon (3/15)

Altars:
The Shining One


Innate Abilities, Weirdness & Mutations

You are resistant to torment.
Your stone body is resilient (AC +3).
You are immune to poison.
You resist negative energy.
You are resistant to electric shocks.
You can survive without breathing.
You are immune to petrification.
You are immune to rotting.
You have large cloven feet.
You are partially covered in yellow scales (AC +2).
You occasionally shout uncontrollably at your foes.


Message History

You thump the rat!
You kill the rat!
Casting: Sandblast
Confirm with . or Enter, or press ? or * to list all spells.
Aiming: Sandblast
Press: ? - help, Shift-Dir - straight line, f - orc
Aim: an orc, wielding a dagger The blast of sand hits the orc.
You kill the orc!
Casting: Sandblast
Confirm with . or Enter, or press ? or * to list all spells.
Aiming: Sandblast
Press: ? - help, Shift-Dir - straight line, f - rat
Aim: a rat The blast of sand hits the rat.
You kill the rat!
The orc priest calls down the wrath of Beogh upon you.
Something smites you!
Ouch! That really hurt!
You die...

#...# #[..# #...# #....
#...# #####..o#
.....(oo# #o# #@# #..#
##.# #..# ###..## #..#
#.....# #..# #.#..##
#..###### ##.#..#
#..##...## #>....##
#..#.....#
#......###.#.%......##
.##......#..##...)......


You could see an orc priest and 3 orcs.

Vanquished Creatures
  4 adders (D:2)
  An ooze (D:1)
  3 orcs (D:3)
  A ball python (D:2)
  4 giant cockroaches (D:2)
  10 goblins
  8 hobgoblins
  8 bats
  A giant gecko (D:2)
  2 giant newts
  3 kobolds
  6 rats
51 creatures vanquished.

Notes
Turn   | Place    | Note
--------------------------------------------------------------
     0 | D:1      | MartinZepigue the Gargoyle Earth Elementalist began the quest for the Orb.
     0 | D:1      | Reached XP level 1. HP: 10/10 MP: 3/3
   303 | D:1      | Gained mutation: Your spells are a little easier to cast, but a little less powerful. [potion of mutation]
   303 | D:1      | Gained mutation: You have large cloven feet. [potion of mutation]
   303 | D:1      | Gained mutation: You are partially covered in yellow scales (AC +2). [potion of mutation]
   319 | D:1      | Lost mutation: Your spells are a little easier to cast, but a little less powerful. [potion of mutation]
   319 | D:1      | Gained mutation: You occasionally shout uncontrollably at your foes. [potion of mutation]
   452 | D:1      | Reached skill level 4 in Earth Magic
   452 | D:1      | Reached XP level 2. HP: 15/15 MP: 5/5
   619 | D:1      | Learned a level 2 spell: Stoneskin
   938 | D:2      | Reached XP level 3. HP: 15/20 MP: 6/6
  1167 | D:2      | Found a glowing golden altar of the Shining One.
  1244 | D:2      | Reached XP level 4. HP: 10/24 MP: 7/7
  1908 | D:3      | Killed from afar by an orc priest

Vault maps used:
D:1:      wheals_arrival_shading
D:2:      kennysheep_the_goblin_king, tso_altar, first_bread
D:3:      overflow_temple_1_default, serial_glass, glass_columns_a,
          glass_columns_b, grunt_decor_resistance

Action                   |  1- 3 |  4- 6 || total
-------------------------+-------+-------++-------
Melee: Unarmed           |    18 |       ||    18
       Mace              |   123 |    62 ||   185
 Cast: Sandblast         |     3 |     4 ||     7
       Stoneskin         |     1 |       ||     1
Evoke: Wand              |     1 |       ||     1
  Use: Potion            |     3 |     2 ||     5
       Scroll            |     3 |     3 ||     6
 Stab: Sleeping          |     3 |     2 ||     5
  Eat: Chunk             |     1 |     3 ||     4
